 Dungeon Crawl Stone Soup version 0.31-a0-986-g5e6e4ef867 (webtiles) character file.

Game seed: 8405375717884159400

229 ytrimaz the Ruffian (level 6, -2/29 HPs)
             Began as a Vine Stalker Shapeshifter on Nov 17, 2023.
             Killed from afar by an orc wizard (6 damage)
             ... with a puff of flame
             ... on level 4 of the Dungeon.
             The game lasted 00:04:05 (2975 turns).

ytrimaz the Ruffian (Vine Stalker Shapeshifter)     Turns: 2975, Time: 00:04:05

Health: -2/29      AC:  2    Str: 17    XL:     6   Next: 3%
Magic:  0/7        EV: 12    Int: 10    God:
Gold:   140        SH:  0    Dex: 21    Spells: 5/5 levels left

rFire   . .          .
                       - Unarmed
rCold   . . .        (no shield)
rNeg    . . .        a - +0 animal skin
rPois   .            (helmet currently unavailable)
rElec   .            (cloak currently unavailable)
rCorr   .            (gloves currently unavailable)
SInv    .            (boots currently unavailable)
Will    .....        (no amulet)
Stlth   ++           l - +6 ring of dexterity
HPRegen 1.04/turn    (no ring)
MPRegen 0.10/turn

%: guardian spirit
@: beast-form
A: beast (slay +2), fangs 2, regeneration 1, magic shield, antimagic bite, no
potion heal 2
a: Begin Untransformation


You were on level 4 of the Dungeon.
You were a hulking beast.
You visited 1 branch of the dungeon, and saw 4 of its levels.

You collected 162 gold pieces.
You spent 22 gold pieces at shops.


Innate Abilities, Weirdness & Mutations

You are a hulking beast.
Your limbs bulge with bestial killing power. (Slay +2)
You have extremely sharp teeth.
Your natural rate of healing is unusually fast.
When hurt, damage is shared between your health and your magic reserves.
Your bite disrupts and absorbs the magic of your enemies.
Potions cannot restore your health.


   Skills:
 - Level 0.8 Fighting
 - Level 1.5 Dodging
 + Level 5.0 Unarmed Combat
 + Level 4.7 Shapeshifting


You had 5 spell levels left.
You didn't know any spells.
Your spell library contained the following spells:

 Spells                   Type           Power      Damage    Failure   Level
 Shock                    Conj/Air       0%         1d3       36%         1
 Dazzling Flash           Conj/Hex       0%         N/A       75%         3
 Swiftness                Air            0%         N/A       75%         3
 Airstrike                Air            0%         2d(0-16)  98%         4
 Agony                    Necr           0%         N/A       100%        5
 Silence                  Hex/Air        0%         N/A       100%        5

Inventory:

Armour
 a - a +0 animal skin (worn)
Jewellery
 l - a +6 ring of dexterity (left hand)
   (You found it on level 1 of the Dungeon)
 u - an amulet of regeneration
   (You found it on level 4 of the Dungeon)
 w - a ring of flight
   (You found it on level 4 of the Dungeon)
Talismans
 c - a beast talisman
 d - a flux talisman
 q - a blade talisman
   (You found it on level 3 of the Dungeon)
Scrolls
 e - 3 scrolls of teleportation
 h - 3 scrolls of poison
 j - 2 scrolls of identify
 n - a scroll of amnesia {unknown}
 p - a scroll of acquirement {unknown}
 r - a scroll of enchant weapon {unknown}
 s - a scroll of noise {unknown}
 t - a scroll of vulnerability {unknown}
Potions
 b - 4 potions of lignification
 f - 2 potions of degeneration {unknown}
 g - 2 potions of haste {unknown}
 i - a potion of curing {unknown}
 k - a potion of mutation {unknown}
 m - a potion of cancellation {unknown}
 o - 2 potions of enlightenment {unknown}
 v - a potion of invisibility {unknown}

Dungeon Overview and Level Annotations

Branches:
Dungeon (4/15) Zot: 21038
 Temple: D:4-7

Altars:
Zin

Shops:
D:1 ?   D:2 = D:3

( ### ### #.####..
..# ...##.. #######.#
....#.# #........#
..#.#.##..8...8..##
##....#o..........#
.#....#o..........##
......#o...........#
......##o.8...8.h#
......###......{)# #
.>.....#########)#.#
.................#.##
.......#....###)#...#
#.......##.##.......#
.##...).##.........##
....#..............#
....#....[.###..####


There were no monsters in sight!


Message History

You kill the orc priest! 😮 HP[+1] MP[+1]
You are too injured to fight recklessly!
You barely miss the orc. You bite the orc!
You kill the orc! 😕 HP[+1]
The orc wizard casts a spell at you. The puff of flame hits you!
A puff of flame appears from out of thin air!
The puff of flame hits you!
* * * LOW HITPOINT WARNING * * *
Things that are here:
a +0 mace; a +0 war axe; an orc corpse; 😨 HP[-12] MP[-3]
You take 12 damage, and now have 7/25 hp.
MASSIVE DAMAGE!! (PAUSE)
You lost 3 mp, and now have 0/6 mp. 😨 HP[+1] 😨 HP[+1] 😨 HP[+1] 😨 HP[+1]
You barely miss the orc wizard. You bite the orc wizard.
The orc wizard's magic leaks into the air.
You drain its magic.
You feel invigorated. 😨 HP[+1] MP[+2]
You regained 2 mp, and now have 2/6 mp.
You hit the orc wizard. You bite the orc wizard.
The orc wizard's magic leaks into the air.
You drain its magic.
You feel invigorated.
The orc wizard falters for a moment. 😮 HP[+1] MP[+2]
You regained 2 mp, and now have 4/6 mp.
You hit the orc wizard.
The orc wizard falters for a moment. 😮 HP[+1]
You hit the orc wizard but do no damage.
Your bite misses the orc wizard.
The orc wizard falters for a moment. 😮 HP[+1]
You punch the orc wizard!
You kill the orc wizard!
The orc throws a boomerang.
The boomerang hits you.
* * * LOW HITPOINT WARNING * * *
Your Unarmed Combat skill increases to level 5!
You have reached level 6!
You now have 29 max hp (+4).
Something hits you.
* * * LOW HITPOINT WARNING * * *
Items here: ))) [ †. 😨 HP[-2]
You take 2 damage, and now have 13/29 hp.
You hit the orc. You bite the orc.
You kill the orc!
Something hits you.
* * * LOW HITPOINT WARNING * * *
😨 HP[-2] MP[-1]
You take 2 damage, and now have 11/29 hp.
You lost 1 mp, and now have 3/7 mp.
Something hits you.
* * * LOW HITPOINT WARNING * * *
Things that are here:
a +0 club; 2 boomerangs; an orc corpse Something hits you.
* * * LOW HITPOINT WARNING * * *
😨 HP[-1] MP[-1]
You take 1 damage, and now have 10/29 hp.
You lost 1 mp, and now have 2/7 mp.
Unknown command.
You hit something. Something hits you.
* * * LOW HITPOINT WARNING * * *
😨 HP[-1] MP[-1]
You take 1 damage, and now have 9/29 hp.
You lost 1 mp, and now have 1/7 mp.
You hit something. Something hits you.
* * * LOW HITPOINT WARNING * * *
😱 HP[-6]
You take 6 damage, and now have 3/29 hp.
MASSIVE DAMAGE!! (PAUSE)
You hit something but do no damage. You bite something. You drain its magic.
You feel invigorated. Something hits you. 😱 HP[+1] MP[+4]
You regained 4 mp, and now have 5/7 mp.
You miss something. You bite something. Something hits you.
* * * LOW HITPOINT WARNING * * *
😱 MP[-1]
You lost 1 mp, and now have 4/7 mp.
Unknown command.
You closely miss something. 😱 HP[+1]
You barely miss something. Your bite misses something. Something hits you.
* * * LOW HITPOINT WARNING * * *
😱 MP[-2]
You lost 2 mp, and now have 2/7 mp.
Unknown command.
You closely miss something. Something hits you.
* * * LOW HITPOINT WARNING * * *
😱 HP[-2] MP[-1]
You take 2 damage, and now have 3/29 hp.
You lost 1 mp, and now have 1/7 mp.
You miss something. Your bite misses something.
You hear some strange, mumbled words.
A puff of flame appears from out of thin air!
The puff of flame hits you!
You die...

Skill      XL: |  1  2  3  4  5 |
---------------+----------------+-----
Unarmed Combat | 4 5 |  5.0
Shapeshifting  | 4 |  4.7
Fighting       | |  0.8
Dodging        | |  1.5

Action                     |  1- 3 |  4- 6 || total
---------------------------+-------+-------++-------
  Melee: Unarmed           |    67 |   106 ||   173
         Bite              |    14 |    24 ||    38
         Punch             |     3 |     4 ||     7
    Use: Scroll            |     2 |       ||     2
   Stab: Sleeping          |     2 |     3 ||     5
 Armour: Animal skin       |    23 |    57 ||    80
  Dodge: Dodged            |    46 |    65 ||   111

Levels and vault maps discovered:
D:1:      mrwooster_arrival_arrow, layout_basic, nicolae_nh_oracle_at_delphi
D:2:      layout_basic, basic_altar, serial_shops, nicolae_shop_gaudy_bauble
D:3:      layout_loops_ring, serial_shops, shop
D:4:      cheibrodos_pilgrimage, layout_cave_pools

Notes
Turn   | Place    | Note
-------+----------+-------------------------------------------
     0 | D:1      | ytrimaz the Vine Stalker Shapeshifter began the quest for
                  | the Orb.
     0 | D:1      | Reached XP level 1. HP: 9/9 MP: 2/2
     0 | D:1      | magus.rc [v1.9.6]
   219 | D:1      | Reached XP level 2. HP: 13/14 MP: 0/3
   616 | D:1      | Reached XP level 3. HP: 17/17 MP: 4/4
   925 | D:1      | You pick up a book of Air and begin reading...
   925 | D:1      | You add the spells Shock, Swiftness and Airstrike to your
                  | library.
   926 | D:1      | Found The Oracle's Delphic Readings.
   930 | D:1      | Bought a scroll of identify for 22 gold pieces
  1045 | D:2      | Found Feew Bot's Jewellery Shoppe.
  1381 | D:2      | You pick up a book of the Senses and begin reading...
  1381 | D:2      | You add the spells Dazzling Flash, Agony and Silence to
                  | your library.
  1525 | D:2      | Found a glowing silver altar of Zin.
  1724 | D:3      | Reached skill level 4 in Unarmed Combat
  1724 | D:3      | Reached XP level 4. HP: 21/21 MP: 5/5
  1928 | D:3      | Found Givozer's Weapon Shop.
  1965 | D:3      | Reached skill level 4 in Shapeshifting
  2548 | D:4      | Reached XP level 5. HP: 8/25 MP: 3/6
  2551 | D:4      | HP: 6/25 [kobold/+0 short sword (3)]
  2964 | D:4      | Reached skill level 5 in Unarmed Combat
  2964 | D:4      | Reached XP level 6. HP: 15/29 MP: 4/7
  2969 | D:4      | HP: 3/29 [something (6)]
  2974 | D:4      | HP: 3/29 [something (3)]
  2975 | D:4      | Killed from afar by an orc wizard

Vanquished Creatures
  An orc priest (D:4)
  An iguana (D:4)
  An orc wizard (D:4)
  6 adders
  A worm (D:2)
  A dart slug (D:3)
  9 orcs
  8 endoplasms
  4 giant cockroaches
  5 goblins
  8 hobgoblins
  5 jackals
  8 kobolds
  5 quokkas
  6 ball pythons
  2 bats
  A frilled lizard (D:1)
  2 rats
74 creatures vanquished.

Table legend:
 A = Non-vault XP
 B = Vault XP
 C = Vault XP percentage of total XP
 D = Non-vault monster count
 E = Vault monster count
 F = Vault count percentage of total count
                 A         B        C        D         E       F
            +---------+---------+-------+---------+---------+-------
      Total |     234 |      94 |  28.7 |      66 |       8 |  10.8
            +---------+---------+-------+---------+---------+-------
        D:1 |      41 |       3 |   6.8 |      22 |       2 |   8.3
        D:2 |      28 |       0 |   0.0 |       8 |       0 |   0.0
        D:3 |      56 |       0 |   0.0 |      17 |       0 |   0.0
        D:4 |     109 |      91 |  45.5 |      19 |       6 |  24.0
            +---------+---------+-------+---------+---------+-------

Skill      XL: |  1  2  3  4  5 |
---------------+----------------+-----
Unarmed Combat | 4 5 |  5.0
Shapeshifting  | 4 |  4.7
Fighting       | |  0.8
Dodging        | |  1.5

Action                     |  1- 3 |  4- 6 || total
---------------------------+-------+-------++-------
  Melee: Unarmed           |    67 |   106 ||   173
         Bite              |    14 |    24 ||    38
         Punch             |     3 |     4 ||     7
    Use: Scroll            |     2 |       ||     2
   Stab: Sleeping          |     2 |     3 ||     5
 Armour: Animal skin       |    23 |    57 ||    80
  Dodge: Dodged            |    46 |    65 ||   111

Illustrated notes

Table legend:
 A = Kills in this place as a percentage of kills in the entire game.
 B = Kills by you in this place as a percentage of kills by you in the entire game.
 C = Kills by friends in this place as a percentage of kills by friends in the entire game.
 D = Other kills in this place as a percentage of other kills in the entire game.
 E = Experience gained in this place as a percentage of experience gained in the entire game.
 F = Experience gained in this place divided by the number of levels of this place that you have seen.
                   A       B       C       D       E      F
               +-------+-------+-------+-------+-------+----------------------
         Total | 100.0 | 100.0 |   N/A |   N/A | 100.0 |  82.0
       Dungeon | 100.0 | 100.0 |   N/A |   N/A | 100.0 |  82.0
               +-------+-------+-------+-------+-------+----------------------

Table legend: (Time is in decaauts)
 A = Elapsed time spent in this place.
 B = Non-inter-level travel time spent in this place.
 C = Inter-level travel time spent in this place.
 D = Time resting spent in this place.
 E = Time spent auto-exploring this place.
 F = Levels seen in this place.
 G = Mean time per level.
                   A        B        C        D        E       F      G
               +--------+--------+--------+--------+--------+-----+--------+
         Total |   2960 |   2930 |     30 |      2 |   2436 |   4 |  740.0 |
       Dungeon |   2960 |   2930 |     30 |      2 |   2436 |   4 |  740.0 |
               +--------+--------+--------+--------+--------+-----+--------+

Top non-repeatable levels by time:
     D:1: 1013 daAuts
     D:3: 762 daAuts
     D:2: 693 daAuts
     D:4: 490 daAuts
